[Event "*** Titled Tuesday 3|2 Blitz"]
[Site "Chess.com"]
[Date "2015.10.06"]
[Round "4"]
[White "Viaje"]
[Black "oggy1984"]
[Result "1-0"]
[WhiteElo "2193"]
[BlackElo "2378"]
[TimeControl "180+2"]
[EndTime "11:49:21 PDT"]
[Termination "Viaje won by resignation"]

1. d4 Nf6 2. c4 e6 3. Nc3 Bb4 4.
f3 d5 5. a3 Bxc3+ 6. bxc3 c5 7. cxd5 exd5 8. e3 O-O 9. Bd3 Re8 10. Ne2 Nc6 11. O-O Qc7 12. Ra2 b6 13. Ng3 a5 14.
Re2 Ba6 15. Bb2 Bxd3 16. Qxd3 c4 17. Qd2 b5 18. e4 b4 19. axb4 axb4 20. cxb4 Ra2 21. e5 Nd7 22. Nf5 Ne7 23. Nd6 c3 24. Nxe8 cxd2 25. Nxc7 Rxb2 26. Rd1 Rc2 27. Nb5 Rc4 28.
Rdxd2 Rxb4 29. Rb2 Rc4 30. Rec2 Nb6 31. Nd6 Rxc2 32.
Rxc2 g6 33. Rc7 Kf8 34. Kf2 h5 35. Rb7 Na4 36. Rb8+ Kg7 37. Ne8+ Kh6 38. Nf6 g5 39. g4 hxg4 40. fxg4 Nc6 41. Ra8 Nb2 42. Ke3 Nc4+ 43. Kd3 Kg6 44. Nxd5 1-0

[Event "*** Titled Tuesday 3|2 Blitz"]
[Site "Chess.com"]
[Date "2015.10.06"]
[Round "4"]
[White "rikyshi"]
[Black "silverback96"]
[Result "0-1"]
[WhiteElo "2137"]
[BlackElo "1925"]
[TimeControl "180+2"]
[EndTime "11:49:24 PDT"]
[Termination "silverback96 won by checkmate"]

1. e4 e6 2. d4 d5 3. Nc3 Nf6 4. Bg5 dxe4 5. Nxe4 Nbd7 6. Nf3 h6 7. Bh4 c5 8. Nxf6+ Nxf6 9. dxc5 Qa5+ 10. Qd2 Qxd2+ 11.
Nxd2 Bxc5 12. O-O-O Nd5 13. Ne4 Be7 14. Bb5+ Bd7 15.
Bxd7+ Kxd7 16. Bxe7 Kxe7 17. Rhe1 Rhc8 18. Ng3 Kf6 19. Re4 Rc6 20. Rd3 Rac8 21. c3 b5 22. a3 a5 23. Rg4 b4 24. axb4 axb4 25. Rf3+ Ke7 26. Rxg7 bxc3 27. Rfxf7+ Kd6 28. Rd7+ Ke5 29. bxc3 Rxc3+ 30. Kd1 Rd3+ 31. Ke1 Rc1+ 32. Ke2 Nf4# 0-1

[Event "*** Titled Tuesday 3|2 Blitz"]
[Site "Chess.com"]
[Date "2015.10.06"]
[Round "4"]
[White "Moltini"]
[Black "dabee"]
[Result "0-1"]
[WhiteElo "2141"]
[BlackElo "2369"]
[TimeControl "180+2"]
[EndTime "11:49:29 PDT"]
[Termination "dabee won by resignation"]

1. d4 d5 2. c4 c6 3. Nc3 Nf6 4. Nf3 e6 5. e3 Nbd7 6. Bd3 Bd6 7.
O-O O-O 8. e4 dxc4 9. Bxc4 e5 10.
d5 Nb6 11. Bb3 cxd5 12. exd5 e4 13. Ng5 Qe7 14. Re1 Bf5 15. f3 Bc5+ 16. Kh1 e3 17. d6 Qe5 18. Nxf7 Rxf7 19. Bxf7+ Kxf7 20. Qe2 Re8 21. d7 Nfxd7 22. a3 a5 23. Ra2 Be6 24. Ra1 Bc4 25. Qc2 e2 26. Qxh7 Bf2 27. Bd2 Nf6 28.
Qc2 Qxh2+ 29. Kxh2 Rh8+ 0-1

[Event "*** Titled Tuesday 3|2 Blitz"]
[Site "Chess.com"]
[Date "2015.10.06"]
[Round "4"]
[White "SenseiJulio"]
[Black "AleksandrNevski"]
[Result "1-0"]
[WhiteElo "2593"]
[BlackElo "2425"]
[TimeControl "180+2"]
[EndTime "11:49:43 PDT"]
[Termination "SenseiJulio won by resignation"]

1. d4 Nf6 2. c4 g6 3. Nc3 Bg7 4.
e4 O-O 5. h3 d6 6. Be3 e5 7. d5 Na6 8. Bd3 Nh5 9. Nge2 f5 10.
exf5 gxf5 11. g4 fxg4 12. hxg4 Bxg4 13. Qd2 Nc5 14. Bc2 Bf3 15. Rh2 Nd7 16. O-O-O Ndf6 17. Rg1 Kh8 18. Bg5 Qd7 19. Ng3 Rf7 20. Nxh5 Nxh5 21. Qd3 e4 22. Nxe4 Qf5 23. Nxd6 cxd6 24. Qxf5 Rxf5 25.
Bxf5 Be5 26. Rh3 Be2 27. Re1 Rf8 28. Rxe2 Rxf5 29. Rxh5 Rxg5 30. Rxg5 Bf4+ 31. Kc2 Bxg5 32. Re6 Bf4 33. Re4 Be5 34. Rxe5 dxe5 35. d6 1-0

[Event "*** Titled Tuesday 3|2 Blitz"]
[Site "Chess.com"]
[Date "2015.10.06"]
[Round "4"]
[White "MinhGTrAn"]
[Black "Arashy_CC"]
[Result "1-0"]
[WhiteElo "2572"]
[BlackElo "2369"]
[TimeControl "180+2"]
[EndTime "11:49:51 PDT"]
[Termination "MinhGTrAn won on time"]

1. d4 g6 2. e4 Bg7 3. Nc3 d6 4.
f4 a6 5. Nf3 b5 6. Be3 Nd7 7.
Bd3 c5 8. a4 b4 9. Ne2 Ngf6 10.
e5 Nd5 11. Qd2 O-O 12. Be4 Bb7 13. dxc5 Nxe3 14. Bxb7 Nxg2+ 15. Kf2 Nxc5 16. Bxa8 Qxa8 17. Kxg2 dxe5 18. Qxb4 e4 19. Ng5 Rc8 20. Rhf1 h6 21.
Nh3 Nd3 22. cxd3 exd3+ 23. Rf3 Rc2 24. Ng1 Rxb2 25. Qxe7 Rxe2+ 26. Nxe2 Bxa1 27. Ng1 Qd5 28. Qe1 Bd4 29. Kg3 1-0

[Event "*** Titled Tuesday 3|2 Blitz"]
[Site "Chess.com"]
[Date "2015.10.06"]
[Round "4"]
[White "Iball95"]
[Black "FairChess_on_YouTube"]
[Result "0-1"]
[WhiteElo "2357"]
[BlackElo "2717"]
[TimeControl "180+2"]
[EndTime "11:50:04 PDT"]
[Termination "FairChess_on_YouTube won by checkmate"]

1. e4 c5 2. Nf3 d6 3. d4 cxd4 4.
Qxd4 a6 5. c4 Nc6 6. Qe3 g6 7.
Be2 Bg7 8. O-O Nf6 9. Nc3 Ng4 10. Qd3 O-O 11. Bd2 Be6 12. b3 Qb8 13. Rac1 Rd8 14.
Nd5 a5 15. h3 Nge5 16. Nxe5 dxe5 17. Qe3 Kf8 18. Bc3 Nd4 19. Kh1 Ra6 20. c5 Nxe2 21. Qxe2 Bxd5 22. exd5 Rxd5 23. Qb5 e4 24. Bxg7+ Kxg7 25. a3 g5 26. b4 g4 27. Rc3 axb4 28. Qxb4 Qe5 29. Rg3 f5 30. Qxb7 Rh6 31. c6 Rc5 32.
Kg1 Rhxc6 33. hxg4 f4 34. Rh3 Rc1 35. Rxc1 Rxc1+ 36. Kh2 e3 37. Rf3 e2 38. Re3 fxe3+ 39. f4 Qxf4+ 40. g3 Qh6+ 41. Kg2 Qh1# 0-1

[Event "*** Titled Tuesday 3|2 Blitz"]
[Site "Chess.com"]
[Date "2015.10.06"]
[Round "4"]
[White "BakaPG"]
[Black "Schemato"]
[Result "1-0"]
[WhiteElo "2506"]
[BlackElo "2184"]
[TimeControl "180+2"]
[EndTime "11:50:04 PDT"]
[Termination "BakaPG won on time"]

1. e4 e6 2. d3 c5 3. Nd2 Nc6 4.
g3 g6 5. Bg2 Bg7 6. h4 h6 7. h5 g5 8. Ne2 Nge7 9. O-O O-O 10. f4 gxf4 11. Nxf4 d5 12. c3 b6 13. exd5 Nxd5 14.
Qe2 Bb7 15. Ne4 Nxf4 16. Bxf4 Qd7 17. Bxh6 f5 18. Bxg7 Kxg7 19. Ng5 Rae8 20. Rf4 e5 21. Rh4 Kh6 22. Qd2 Kg7 23. h6+ Kh8 24. Rf1 Nd8 25. Bxb7 Qxb7 26. d4 cxd4 27. cxd4 e4 28. d5 Qe7 29.
Rxe4 fxe4 30. Qd4+ Kg8 31. Rxf8+ Rxf8 32. h7+ Qxh7 33.
Nxh7 Kxh7 34. Qxe4+ Kg7 35. Qe5+ Kg8 36. Qg5+ Kf7 37. d6 1-0

[Event "*** Titled Tuesday 3|2 Blitz"]
[Site "Chess.com"]
[Date "2015.10.06"]
[Round "4"]
[White "jup1978"]
[Black "Goala"]
[Result "1-0"]
[WhiteElo "2304"]
[BlackElo "2149"]
[TimeControl "180+2"]
[EndTime "11:50:05 PDT"]
[Termination "jup1978 won by checkmate"]

1. e4 e6 2. d4 d5 3. Nd2 Nf6 4.
e5 Nfd7 5. Bd3 c5 6. c3 Nc6 7. Ne2 cxd4 8. cxd4 f6 9. exf6 Nxf6 10. Nf3 Bd6 11. O-O Qc7 12. Bg5 O-O 13. Bh4 Nh5 14. Qc2 h6 15. Bg6 Rxf3 16. Bxh5 Bxh2+ 17. Kh1 Rf5 18. Bg6 Bd6 19. Bxf5 exf5 20. f4 Qf7 21. Bg3 Bd7 22. a3 Re8 23. Rae1 Re4 24. Qd3 Qf6 25. Rd1 a6 26. Qf3 Qe7 27. Nc3 Nxd4 28.
Qd3 Bc5 29. b4 Re3 30. Nxd5 Rxd3 31. Nxe7+ Bxe7 32. Rxd3 Bf6 33. Bf2 Bb5 34. Rfd1 Bxd3 35. Rxd3 Ne6 36. g3 g5 37. fxg5 hxg5 38. Rd7 Bb2 39.
a4 f4 40. Rxb7 Bc3 41. Rb6 Kf7 42. b5 axb5 43. Rxb5 f3 44. a5 Kf6 45. a6 Bd4 46.
Bxd4+ Nxd4 47. Rb6+ Kf5 48. a7 f2 49. Rb1 Ne2 50.
Kg2 Kg4 51. a8=Q Nxg3 52. Qf3+ Kh4 53. Qxg3+ Kh5 54. Qxf2 g4 55. Qf5+ Kh4 56. Rh1# 1-0

[Event "*** Titled Tuesday 3|2 Blitz"]
[Site "Chess.com"]
[Date "2015.10.06"]
[Round "4"]
[White "dpopadic"]
[Black "stefanodinn"]
[Result "1/2-1/2"]
[WhiteElo "2220"]
[BlackElo "2114"]
[TimeControl "180+2"]
[EndTime "11:50:05 PDT"]
[Termination "Game drawn by repetition"]

1. e4 c5 2. Nc3 d6 3. f4 g6 4. Nf3 Bg7 5. Bc4 e6 6. d3 Ne7 7. O-O O-O 8. Qe1 Nbc6 9. f5 gxf5 10. Qh4 Nd4 11. Ng5 h6 12. Nh3 Ng6 13. Qh5 Nxc2 14.
Rb1 Qh4 15. Qd1 Nd4 16. Nf4 Be5 17. g3 Qg4 18. Qxg4 fxg4 19. Nxg6 fxg6 20. Bxh6 Rxf1+ 21. Rxf1 Bd7 22. Kf2 Bg7 23. Bf4 b5 24. Bb3 Nxb3 25.
axb3 b4 26. Nd1 e5 27. Bg5 Be6 28. Ke2 Bxb3 29. Ne3 Be6 30. Ra1 a5 31. Rf1 a4 32.
Be7 Bf8 33. Bxf8 Rxf8 34. Ra1 Ra8 35. Kd2 Kf7 36. Ke2 Ke7 37. Kd2 a3 38. bxa3 bxa3 39. Kc3 a2 40. Nc4 Ra6 41. Kb2 Bxc4 42. dxc4 Ra4 43.
Kb3 Rb4+ 44. Kc3 Ra4 45. Kb3 Rb4+ 46. Kc3 Ra4 47. Kb3 Rb4+ 48. Kc3 Ra4 49. Kb3 Rb4+ 1/2-1/2

[Event "*** Titled Tuesday 3|2 Blitz"]
[Site "Chess.com"]
[Date "2015.10.06"]
[Round "4"]
[White "Ginger_GM"]
[Black "Mugzyyy"]
[Result "1-0"]
[WhiteElo "2456"]
[BlackElo "2506"]
[TimeControl "180+2"]
[EndTime "11:50:08 PDT"]
[Termination "Ginger_GM won by resignation"]

1. d4 d5 2. c4 dxc4 3. Nf3 Nf6 4. Nc3 e6 5. e4 Bb4 6. Bxc4 Nxe4 7. O-O Nxc3 8.
bxc3 Bd6 9. Ng5 h6 10. Qh5 O-O 11. Ne4 Nd7 12. Bxh6 gxh6 13. Qxh6 Re8 14. Ng5 Qf6 15. Qh4 Qg7 16. f4 Be7 17. Rae1 Nf8 18. Re3 Bxg5 19.
fxg5 Bd7 20. Rf6 Ng6 21. Qg3 c5 22. h4 cxd4 23. cxd4 Rac8 24. Bd3 Ne7 25. h5 Nf5 26. Bxf5 exf5 27. h6 Qh7 28. g6 fxg6 29. Rxg6+ Kh8 30.
Qg5 Qf7 31. Rg7 Rg8 32. Re7 1-0

[Event "*** Titled Tuesday 3|2 Blitz"]
[Site "Chess.com"]
[Date "2015.10.06"]
[Round "4"]
[White "Nutflush"]
[Black "Haridaskesavan"]
[Result "0-1"]
[WhiteElo "1941"]
[BlackElo "2055"]
[TimeControl "180+2"]
[EndTime "11:50:11 PDT"]
[Termination "Haridaskesavan won by resignation"]

1. e4 e5 2. Nf3 Nc6 3. Bc4 Nf6 4. d4 exd4 5. O-O Nxe4 6. Re1 d5 7. Nc3 dxc3 8. Bxd5 Be6 9. Bxe4 Qxd1 10. Rxd1 cxb2 11.
Bxb2 f6 12. Bxc6+ bxc6 13. Nd4 Bd5 14. Re1+ Kf7 15. c4 Bxc4 16. Rac1 Bd5 17. Nxc6 Bd6 18. Nd4 Rhe8 19. Red1 Bxa2 20. Nb5 Rab8 21. Nxd6+ cxd6 22. Ba3 d5 23. Rc7+ Kg6 24. Rxa7 Bc4 25. h4 Ra8 26.
Bc5 Rxa7 27. Bxa7 h5 28. Be3 Ra8 29. Rd4 Ra2 30. Kh2 Kf7 31. Kg3 Ke6 32. Rd1 Kf5 33. Rd4 g5 34. hxg5 fxg5 35. Kh2 Ra3 36. Rd2 Rd3 37.
Rb2 d4 38. Bc1 Rd1 39. Bd2 Bd5 40. Kg3 h4+ 41. Kh2 g4 42. Rc2 Ke4 43. Bg5 d3 44.
Rd2 Rxd2 45. Bxd2 Kd4 46. Kg1 Kc4 47. Kf1 Kb3 48. Ke1 Bxg2 49. Bg5 Kc2 50. Bf4 h3 51.
Bh2 d2+ 0-1

[Event "*** Titled Tuesday 3|2 Blitz"]
[Site "Chess.com"]
[Date "2015.10.06"]
[Round "4"]
[White "E-Shaposhnikov"]
[Black "LyonBeast"]
[Result "0-1"]
[WhiteElo "2556"]
[BlackElo "2705"]
[TimeControl "180+2"]
[EndTime "11:50:14 PDT"]
[Termination "LyonBeast won by resignation"]

1. e4 c5 2. Nf3 d6 3. d4 cxd4 4. Nxd4 Nf6 5. Nc3 a6 6. g3 e5 7. Nb3 Be7 8. Bg2 Bg4 9. Qd2 Nbd7 10. O-O Nb6 11. f3 Be6 12. Qf2 O-O 13. Rd1 Rc8 14. Na5 Nbd7 15. Nb3 b5 16. Be3 Qc7 17. Rac1 b4 18. Nd5 Nxd5 19. exd5 Bf5 20. c4 Nc5 21. Nxc5 dxc5 22. g4 Bg6 23. f4 f5 24. g5 Bd6 25.
Rf1 Rce8 26. Rcd1 Bh5 27. Rd2 e4 28. b3 a5 29. a4 bxa3 30. Ra1 Rb8 31. Rxa3 Rb7 32.
Rda2 Rfb8 33. Rxa5 Rxb3 34. Bxc5 Rb1+ 35. Bf1 Bxf4 36.
d6 Bxd6 37. Bxd6 Qxd6 38. Qxf5 Qd4+ 39. Rf2 e3 40. Qe6+ Kh8 41. Rff5 e2+ 0-1

[Event "*** Titled Tuesday 3|2 Blitz"]
[Site "Chess.com"]
[Date "2015.10.06"]
[Round "4"]
[White "lorcho"]
[Black "ChessTrener"]
[Result "1-0"]
[WhiteElo "2548"]
[BlackElo "2474"]
[TimeControl "180+2"]
[EndTime "11:50:20 PDT"]
[Termination "lorcho won by checkmate"]

1. e4 c5 2. Nc3 Nc6 3. g3 g6 4.
Bg2 Bg7 5. d3 d6 6. f4 e6 7. Nf3 Nge7 8. O-O O-O 9. Be3 Nd4 10.
Bf2 Bd7 11. e5 Nxf3+ 12. Bxf3 Bc6 13. exd6 Qxd6 14. Ne4 Bxe4 15. dxe4 Qc7 16. c3 Rad8 17. Qe2 e5 18. f5 gxf5 19. exf5 Nxf5 20. Rad1 Ne7 21.
Qe4 b6 22. Be3 f5 23. Qc4+ Kh8 24. Bg5 e4 25. Bh5 Rxd1 26. Rxd1 Nc6 27. Qe6 Ne5 28. Bf4 Qc8 29. Qe7 Nc6 30. Qh4 Rd8 31. Rf1 Qe6 32.
g4 fxg4 33. Bxg4 Qg6 34. Bg3 Qh6 35. Qxh6 Bxh6 36. Rf6 Be3+ 37. Kg2 Ne7 38. Be5 Rd2+ 39.
Kh3 Kg7 40. Be6 Ng6 41. Rf7+ Kg8 42. Rf2# 1-0

[Event "*** Titled Tuesday 3|2 Blitz"]
[Site "Chess.com"]
[Date "2015.10.06"]
[Round "4"]
[White "talaicito"]
[Black "Rating-Schmating"]
[Result "1-0"]
[WhiteElo "1981"]
[BlackElo "1970"]
[TimeControl "180+2"]
[EndTime "11:50:34 PDT"]
[Termination "talaicito won by checkmate"]

1. e4 e6 2. d4 d5 3. e5 c5 4. c3 Nc6 5. Nf3 Qb6 6. Bd3 Bd7 7. O-O cxd4 8. cxd4 Nxd4 9. Nbd2 Bc5 10. Rb1 Ne7 11. b4 Bxb4 12. a3 Nxf3+ 13. Nxf3 a5 14. axb4 axb4 15. Be3 Qa5 16. Qb3 Nc6 17. Bd2 O-O 18.
Bxb4 Nxb4 19. Qxb4 Qxb4 20. Rxb4 Bc6 21. Nd4 Ra3 22. Bb5 Rc3 23. f4 g6 24. Rfb1 Kg7 25. Kf2 Ra8 26. Ke2 Ra2+ 27. R1b2 Raa3 28. Kd2 h5 29.
Nc2 Bxb5 30. Nxa3 Rd3+ 31. Kc2 Ba6 32. Nb5 Re3 33. Kd2 Re4 34. Rxe4 dxe4 35. Nd6 Bf1 36. g3 Bg2 37. Ke3 h4 38. Rxb7 hxg3 39. hxg3 Kh6 40. Rxf7 Kh5 41. Rg7 Bh3 42. Nf7 Bf5 43. Ng5 Kg4 44.
Nxe4 Kh3 45. Rh7+ Kg2 46. Rh6 Bxe4 47. Kxe4 Kxg3 48. Rxg6+ Kh4 49. Rxe6 Kg4 50. Rg6+ Kh5 51. Rg8 Kh6 52. e6 Kh7 53. Rg1 Kh8 54. f5 Kh7 55. f6 Kh6 56. e7 Kh7 57. f7 Kh6 58. f8=Q+ Kh7 59. Qf7+ Kh6 60. Qf2 Kh7 61. e8=Q Kh6 62.
Qh8# 1-0

[Event "*** Titled Tuesday 3|2 Blitz"]
[Site "Chess.com"]
[Date "2015.10.06"]
[Round "4"]
[White "facu57"]
[Black "pedromartinez91"]
[Result "1-0"]
[WhiteElo "2488"]
[BlackElo "2213"]
[TimeControl "180+2"]
[EndTime "11:50:48 PDT"]
[Termination "facu57 won by resignation"]

1. e4 c5 2. Nf3 Nc6 3. d4 cxd4 4.
c3 d5 5. exd5 Qxd5 6. cxd4 e6 7.
Nc3 Bb4 8. Bd3 Nf6 9. O-O Qh5 10.
a3 Bxc3 11. bxc3 O-O 12. Re1 h6 13. Rb1 a6 14. Ne5 Qxd1 15. Rxd1 Nxe5 16. dxe5 Nd7 17. f4 b6 18. Be3 Rb8 19. Be4 Bb7 20. Bc2 Bc6 21.
Rd6 Rfc8 22. c4 Kf8 23. Kf2 Ke7 24. g4 f6 25. Rbd1 fxe5 26. f5 exf5 27. Bxf5 Nf6 28. Re6+ Kf8 29. Rxe5 Rc7 30. Rd6 Bd7 31. Bxb6 Rcb7 32.
c5 Bxf5 33. Rxf5 Ke7 34. Re5+ Kf7 35. h3 Nd7 36. Ree6 Nf8 37. Re3 Nd7 38. c6 Rxb6 39. Rxd7+ Kg6 40. c7 Rc8 41. Ree7 Kg5 42. Rd5+ Kf6 43.
Rdd7 Rc6 44. Rxg7 a5 45. Rh7 Kg6 46. Rdg7+ Kf6 47. Rxh6+ Kxg7 48. Rxc6 a4 49. Kg3 1-0

[Event "*** Titled Tuesday 3|2 Blitz"]
[Site "Chess.com"]
[Date "2015.10.06"]
[Round "4"]
[White "GeorgMeier"]
[Black "AlexanderL"]
[Result "0-1"]
[WhiteElo "2605"]
[BlackElo "2566"]
[TimeControl "180+2"]
[EndTime "11:50:55 PDT"]
[Termination "AlexanderL won on time"]

1. Nf3 d5 2. g3 Nf6 3. Bg2 e6 4. O-O Be7 5. c4 O-O 6. d4 dxc4 7. Qc2 a6 8. a4 Bd7 9. Qxc4 Bc6 10. Bg5 Nbd7 11. Nc3 h6 12. Bxf6 Nxf6 13. b4 Bd5 14. Nxd5 exd5 15. Qb3 Bd6 16. b5 axb5 17. axb5 Qe7 18. e3 Qe6 19. Rfc1 Ne4 20. Ra2 Rxa2 21.
Qxa2 Re8 22. Rc2 h5 23. Qa7 b6 24. Qb7 g5 25. Qc6 Kg7 26. h4 gxh4 27. Nxh4 Kh8 28.
Ra2 Nxf2 29. Qxd5 Ng4 30. Qxh5+ Kg8 31. Nf5 Nxe3 32. Nh6+ Kg7 33. Qg5+ Qg6 34. Nxf7 Kxf7 35. Rf2+ Kg7 36. Qh4 Rh8 0-1

[Event "*** Titled Tuesday 3|2 Blitz"]
[Site "Chess.com"]
[Date "2015.10.06"]
[Round "4"]
[White "tac49"]
[Black "Ar4uha"]
[Result "1/2-1/2"]
[WhiteElo "2462"]
[BlackElo "2398"]
[TimeControl "180+2"]
[EndTime "11:50:57 PDT"]
[Termination "Game drawn by repetition"]

1. e4 d5 2. exd5 Nf6 3. d4 Nxd5 4. Nf3 g6 5. c4 Nb6 6. Nc3 Bg7 7.
Be3 Nc6 8. Rc1 O-O 9. Be2 Bg4 10. d5 Bxf3 11. Bxf3 Ne5 12. b3 c6 13. O-O Nxf3+ 14. Qxf3 cxd5 15. Nxd5 Nxd5 16. Qxd5 Qxd5 17. cxd5 Rfc8 18.
Rc4 b5 19. Rc6 a6 20. g4 Be5 21. f4 Bd6 22. Kg2 Rd8 23. Kf3 f5 24. gxf5 gxf5 25. Rg1+ Kf7 26. Rg5 h6 27. Rxf5+ Kg6 28. Ke4 Rac8 29. h4 e6 30. h5+ Kg7 31. Bd4+ Kg8 32. Rf6 exd5+ 33. Kxd5 Be7+ 34. Ke4 Bxf6 35. Rxf6 Rc2 36.
Rxh6 Rd7 37. Rh8+ Kf7 38. Rh7+ Ke8 39. Rxd7 Kxd7 40. Kf5 Rh2 41. Kg6 Ke7 42. h6 Rg2+ 43. Kf5 Rh2 44. Kg6 Rg2+ 45. Kf5 Rh2 46. Kg6 Rg2+ 47.
Kf5 1/2-1/2

[Event "*** Titled Tuesday 3|2 Blitz"]
[Site "Chess.com"]
[Date "2015.10.06"]
[Round "4"]
[White "chessloveyou"]
[Black "JustKid"]
[Result "0-1"]
[WhiteElo "2171"]
[BlackElo "2125"]
[TimeControl "180+2"]
[EndTime "11:50:59 PDT"]
[Termination "JustKid won by resignation"]

1. d4 d5 2. Nf3 e6 3. g3 c5 4. Bg2 Nc6 5. O-O Nf6 6. b3 Be7 7. Bb2 O-O 8. dxc5 Bxc5 9. Nbd2 Qe7 10. a3 e5 11. c4 e4 12. Ne1 e3 13. fxe3 Qxe3+ 14. Kh1 Ng4 15. Nd3 Bd6 16. cxd5 Nxh2 17. Rf3 Nxf3 18.
Nxf3 Ne7 19. Bc1 Qb6 20. e4 Bxg3 21. Bg5 Ng6 22. b4 h6 23. Bd2 Bg4 24. Qf1 Qf6 25. Kg1 Nh4 26. Nxh4 Qxh4 27. Qb1 Qh2+ 28. Kf1 Bh3 29.
Bxh3 Qxh3+ 30. Ke2 Qg4+ 31. Ke3 Rfe8 32. Qh1 f5 33.
Nc5 fxe4 34. Rg1 Qf4+ 35. Ke2 Qf2+ 36. Kd1 e3 37. Bc3 e2+ 38. Kc1 e1=Q+ 39. Bxe1 Rxe1+ 40. Rxe1 Qxe1+ 41. Qxe1 Bxe1 42. d6 h5 43. Nxb7 h4 44.
d7 h3 45. Nd6 Rd8 46. Ne4 h2 47. Ng3 Bxg3 0-1

[Event "*** Titled Tuesday 3|2 Blitz"]
[Site "Chess.com"]
[Date "2015.10.06"]
[Round "4"]
[White "kpio91"]
[Black "zmaj23"]
[Result "1-0"]
[WhiteElo "2504"]
[BlackElo "2317"]
[TimeControl "180+2"]
[EndTime "11:51:07 PDT"]
[Termination "kpio91 won by resignation"]

1. c4 e5 2. g3 Nf6 3. Bg2 d5 4. cxd5 Nxd5 5. Nf3 Nc6 6. O-O Nb6 7. Nc3 Be6 8. a3 f6 9. b4 Qd7 10. b5 Na5 11. d4 Nb3 12. Rb1 Nxd4 13. Nxd4 exd4 14.
Bxb7 dxc3 15. Bc6 Qxc6 16. bxc6 Bd6 17. Qd3 O-O 18. Qxc3 Rfe8 19. e4 Bc4 20. Re1 Bf7 21.
Bf4 Rad8 22. Bxd6 Rxd6 23. Rbd1 Rde6 24. f3 R6e7 25. Kf2 h6 26. Qc5 Re5 27. Qc3 Be6 28. Rd4 Rb5 29. Red1 Rb3 30. Qc1 Kh7 31. Rb4 Rxb4 32.
axb4 a6 33. Qc5 Nc4 34. f4 Bg4 35. Rd7 Rxe4 36. Re7 Nd2 37. Kg2 f5 38. Rxe4 Bf3+ 39. Kg1 Bxe4 40. Kf2 Nf3 41. h4 Kg6 42. Qe7 Nd4 43.
Qxc7 Nxc6 44. Qb6 Kh5 45. Qc5 Kg4 46. Qf8 Kh3 47. Qxg7 Nxb4 48. Qxh6 Nd3+ 49. Ke3 Kg2 50. Qg5 a5 51. h5 a4 52. h6 a3 53. h7 1-0

[Event "*** Titled Tuesday 3|2 Blitz"]
[Site "Chess.com"]
[Date "2015.10.06"]
[Round "4"]
[White "Baggio95"]
[Black "alexsuper1987"]
[Result "1-0"]
[WhiteElo "2392"]
[BlackElo "2203"]
[TimeControl "180+2"]
[EndTime "11:51:07 PDT"]
[Termination "Baggio95 won by resignation"]

1. Nc3 Nf6 2. d4 c5 3. d5 e6 4.
e4 exd5 5. exd5 d6 6. Nf3 g6 7.
Be2 Bg7 8. O-O O-O 9. Bg5 a6 10.
a4 h6 11. Bh4 Bg4 12. Nd2 Bxe2 13. Qxe2 Re8 14. Qd3 Nbd7 15. f4 g5 16. fxg5 Ng4 17. Nf3 c4 18. Qxc4 Ne3 19. Qf4 Nxf1 20. Rxf1 Qb6+ 21.
Kh1 Qe3 22. Qxd6 Ne5 23. gxh6 Bxh6 24. Nxe5 Rxe5 25. Qf6 Rf8 26. h3 Bg7 27. Qd6 Rh5 28. Bg3 Be5 29. Bxe5 Qxe5 30. Qd7 Qg7 31. Ne4 f5 32.
Qe6+ Kh8 33. Nd2 Qg3 34. Rf3 Qg5 35. Qe5+ Kh7 36. Rg3 Qf6 37. Qc7+ Rf7 38. Qb8 Rg7 39. Rxg7+ Qxg7 40. d6 Qxb2 41. d7 Qc1+ 42. Kh2 Qxd2 43.
d8=Q Qf4+ 44. Qxf4 1-0

[Event "*** Titled Tuesday 3|2 Blitz"]
[Site "Chess.com"]
[Date "2015.10.06"]
[Round "4"]
[White "Rickstereo"]
[Black "metalbattler"]
[Result "0-1"]
[WhiteElo "2076"]
[BlackElo "1933"]
[TimeControl "180+2"]
[EndTime "11:51:07 PDT"]
[Termination "metalbattler won by resignation"]

1. d4 d5 2. c4 c6 3. Nf3 Nf6 4. e3 e6 5. Nc3 Nbd7 6. Bd3 dxc4 7. Bxc4 b5 8. Bd3 Bb7 9. O-O a6 10. Qe2 c5 11. Rd1 cxd4 12. exd4 Bd6 13. Ne4 Nxe4 14. Bxe4 Bxe4 15. Qxe4 Nf6 16. Qh4 h6 17. Be3 O-O 18. Ne5 Nd5 19. Qe4 Rc8 20. Rac1 Qb6 21. Nd7 Bxh2+ 22.
Kh1 Qd6 23. Nxf8 Rxf8 24. Rc2 f5 25. Qf3 Qb8 26. Rc6 Bd6 27. Rdc1 Nb4 28. Rxd6 Qxd6 29. a3 Nd5 30. Rc5 Nxe3 31. Qxe3 Rf6 32. Qc3 f4 33. Rc8+ Kh7 34. Qd3+ g6 35. Qc3 Rf7 36. Rc6 Qd5 37. Rxa6 f3 38. g3 Qh5+ 39. Kg1 Qh3 0-1

[Event "*** Titled Tuesday 3|2 Blitz"]
[Site "Chess.com"]
[Date "2015.10.06"]
[Round "4"]
[White "Canonkasparov"]
[Black "Trendle"]
[Result "1-0"]
[WhiteElo "2383"]
[BlackElo "2338"]
[TimeControl "180+2"]
[EndTime "11:51:08 PDT"]
[Termination "Canonkasparov won by checkmate"]

1. d4 f5 2. Nf3 Nf6 3. c3 e6 4. Bg5 d5 5. g3 Bd6 6. Bg2 O-O 7. O-O Qe8 8. c4 c6 9. Nc3 Ne4 10. Bc1 Nd7 11. Qc2 Qh5 12. b3 Rf6 13. a4 Nf8 14.
Ba3 Bxa3 15. Rxa3 Rh6 16. h3 g5 17. Ne5 Ng6 18. Re1 Nxe5 19. dxe5 Bd7 20. Nxe4 fxe4 21. g4 Qf7 22. b4 Rf8 23. Rf1 Qf4 24. Qb2 Rh4 25. Rg3 Rh6 26. c5 Rg6 27. Qc3 Rg7 28. Re3 Be8 29. Qd4 h5 30. Rg3 hxg4 31. Rxg4 Qf5 32.
Rg3 Bh5 33. f3 Qf4 34. Kh2 exf3 35. Qxf4 Rxf4 36. Bxf3 Bxf3 37. Rfxf3 Rxb4 38. Rf6 Rxa4 39. Rxe6 Re4 40. e3 Kf7 41. Rd6 Ke7 42. Rf6 Rxe5 43. Rgf3 a5 44. Rf8 Kd7 45. Rb8 Kc7 46. Rff8 Ree7 47.
Rfd8 b5 48. cxb6# 1-0

[Event "*** Titled Tuesday 3|2 Blitz"]
[Site "Chess.com"]
[Date "2015.10.06"]
[Round "4"]
[White "bugsbunny444"]
[Black "LADIESGET2KNOWME"]
[Result "0-1"]
[WhiteElo "2290"]
[BlackElo "2264"]
[TimeControl "180+2"]
[EndTime "11:51:15 PDT"]
[Termination "LADIESGET2KNOWME won by checkmate"]

1. Nf3 g6 2. e4 Bg7 3. d4 c5 4.
Nc3 cxd4 5. Nxd4 Nc6 6. Be3 Nf6 7. Be2 O-O 8. O-O d6 9. h3 Bd7 10. f4 Rc8 11. Nxc6 Bxc6 12. Bf3 Qa5 13. a3 a6 14. Bd4 Nd7 15. Kh2 e5 16. Be3 exf4 17. Bxf4 Be5 18. g3 Rfe8 19. Qd3 Nc5 20. Qe3 Bxc3 21. bxc3 Nxe4 22. Bxe4 Rxe4 23. Qd2 Rce8 24. Rf2 d5 25. g4 Qb5 26. Qd3 Qc4 27. Raf1 Bb5 28. Qxc4 Bxc4 29. Rb1 b5 30. Rd1 Re2 31. Rd2 Re1 32. h4 R8e4 33. Kg3 Rg1+ 34. Rg2 Ra1 35.
Bd6 Re3+ 36. Kf4 Rxc3 37. Bb4 Rf1+ 38. Kg5 Re3 39. Rgf2 Rfe1 40. Kh6 Re4 41. Kg5 R1e3 42. Rg2 Kg7 43. Rdf2 h6# 0-1

[Event "*** Titled Tuesday 3|2 Blitz"]
[Site "Chess.com"]
[Date "2015.10.06"]
[Round "4"]
[White "Tal-Baronfew"]
[Black "A-Fier"]
[Result "1-0"]
[WhiteElo "2707"]
[BlackElo "2517"]
[TimeControl "180+2"]
[EndTime "11:51:21 PDT"]
[Termination "Tal-Baronfew won by checkmate"]

1. e4 c5 2. Nf3 e6 3. d4 cxd4 4.
Nxd4 Nc6 5. Nc3 Qc7 6. Be3 a6 7. Qf3 Nf6 8. O-O-O Be7 9. Be2 O-O 10. Qg3 d6 11. f4 Bd7 12. e5 dxe5 13. fxe5 Nxe5 14. Nf3 Nfg4 15. Bf4 Bf6 16. Ne4 Rac8 17. Ne1 Ba4 18. Nxf6+ gxf6 19. Bxe5 Qxe5 20. Qxg4+ Kh8 21. Qxa4 Qxe2 22.
Rd2 Qe3 23. Qd4 Qh6 24. Rf1 e5 25. Qf2 Rc6 26. Kb1 Rfc8 27. Rd3 Qh5 28. a3 e4 29.
Rd7 b5 30. Qd4 Qg6 31. Rf2 Kg7 32. g3 Rc4 33. Qe3 Qg4 34. Rd6 R4c6 35. Rf4 Qh5 36. Rd7 f5 37. Qd4+ Kg6 38. Ng2 Qe2 39. Nh4+ Kh5 40.
Rxf5+ Kg4 41. Rf2 Qe1+ 42. Qd1+ Qxd1+ 43. Rxd1 e3 44. Re2 Re6 45. Rd4+ Kh3 46. Nf3 f6 47.
Ng1# 1-0

[Event "*** Titled Tuesday 3|2 Blitz"]
[Site "Chess.com"]
[Date "2015.10.06"]
[Round "4"]
[White "Bab3s"]
[Black "ruifeng"]
[Result "0-1"]
[WhiteElo "2111"]
[BlackElo "2132"]
[TimeControl "180+2"]
[EndTime "11:51:46 PDT"]
[Termination "ruifeng won on time"]

1. e4 e6 2. d4 d5 3. Nc3 Bb4 4. e5 c5 5. Bd2 Ne7 6. Nb5 Bxd2+ 7. Qxd2 O-O 8. f4 Nbc6 9. Nf3 b6 10. Bd3 h6 11. Nd6 Bd7 12. O-O-O Nc8 13. g4 Qe7 14. g5 h5 15. g6 Nxd6 16. exd6 Qxd6 17. Ne5 fxg6 18. Bxg6 Nxd4 19. Bxh5 Rf6 20. Rhg1 Raf8 21. Qg2 Qe7 22. Bg6 Be8 23. Qh3 Bxg6 24. Nxg6 Rxg6 25. Rxg6 Ne2+ 26. Kb1 Nxf4 27. Qg4 Nxg6 28. Qxg6 Qf6 29. Qg4 d4 30. h4 e5 31. h5 Qf5 32. Qh4 Rf6 33.
a3 e4 34. Rg1 Qf4 35. Qh3 e3 36. Qc8+ Kh7 37. Qd7 Rf7 38. Qe6 Qf5 39. Qe8 Qxh5 40.
Qe4+ Qf5 41. Qh4+ Kg8 42. Qd8+ Rf8 43. Qe7 Qf6 44. Qe4 Qf5 45. Qe7 Qf7 46. Qe5 a5 47.
Qe4 Re8 48. Qg4 e2 49. Qg3 Qf1+ 0-1